[Event "TePe Sigeman Co 2024"]
[Site "Malmo"]
[Date "2024.04.27"]
[Round "1.1"]
[White "Maurizzi, Marc`Andria"]
[Black "Keymer, Vincent"]
[Result "0-1"]
[ECO "D43"]
[WhiteElo "2605"]
[BlackElo "2726"]
[Annotator "TA"]
[PlyCount "58"]
[EventDate "2024.04.27"]
[EventType "tourn"]
[EventCountry "SWE"]
[SourceTitle "playchess.com"]
[Source "ChessBase"]
[SourceQuality "1"]
[TimeControl "40/5400+30:1800+30"]

1. d4 Nf6 2. c4 e6 3. Nf3 d5 4. Nc3 c6 5. Bg5 h6 6. Bxf6 Qxf6 7. a3 dxc4 8. e3 b5 9. Ne5 Bd6 10. Ne4 {[%emt 0:00:04][%csl LRd6,LRf6] The position is equal.} (10. f4 {simplifies} O-O 11. Be2 Bxe5 12. fxe5 Qg5 13. Qd2) 10... Qe7 (10... Qd8 {simplifies} 11. Nxd6+ Qxd6 12. b3 cxb3 13. Qxb3 Nd7) 11. Qh5 (11. Nxd6+ {simplifies} Qxd6 12. b3 Nd7 13. Nxd7 Bxd7 14. bxc4 e5 15. Be2) 11... Bc7 12. f4 Bb7 13. Nc5 {[%emt 0:15:39] [#] Prevents Na6.} (13. Be2 $11 {is more appropriate.}) 13... Bd6 (13... Bxe5 $1 $17 14. fxe5 Na6 15. Nxb7 Qxb7) 14. Ne4 {[%emt 0:27:32] Excellent horsemanship.} O-O 15. g4 (15. Rg1 $15) 15... c5 $17 16. Bg2 cxd4 17. g5 {[%emt 0:06:55] Threatens to win with Nxd6.} Bxe5 (17... dxe3 $2 18. Nxd6 Bxg2 19. Rg1 $18) 18. gxh6 $2 {[%emt 0:02:57][%mdl 8192] [#] This move loses the game for White.} (18. fxe5 $17 d3 (18... dxe3 19. O-O-O $17) (18... Bxe4 19. Bxe4 Nd7 20. Bxa8 $11) 19. O-O) 18... Nd7 $1 $19 19. fxe5 {[%emt 0:07:09] And now hxg7 would win.} g6 (19... dxe3 $2 {perishes.} 20. hxg7 f5 21. Qh8+ (21. gxf8=R+ Rxf8 22. Nf6+ Nxf6 $18) (21. gxf8=N Nxe5 22. Ng6 Nd3+ 23. Kf1 Qg7 $18) (21. gxf8=B Qf7 $18) (21. exf6 Nxf6 22. gxf8=Q+ Rxf8 $18) 21... Kf7 22. gxf8=B $18 (22. gxf8=Q+ Qxf8 23. Qh7+ Ke8 $18)) 20. Qh3 Nxe5 21. O-O Bxe4 22. Bxe4 Qg5+ 23. Kh1 Rad8 {[%emt 0:00:04] Black is clearly winning.} (23... Qxe3 24. Qxe3 dxe3 25. Bxa8 Rxa8 26. Rae1 $15) 24. Rg1 Qxe3 25. Qh4 {[%emt 0:00:02] [#] Strongly threatening Rae1.} Kh7 $1 26. Raf1 Qxh6 27. Qe7 Qg7 28. Rg5 f5 29. Qxe6 Rde8 {[%emt 0:00:29] Weighted Error Value: White=0.71/Black=0.09 (flawless) .  Loses game:     	White=1     	---        Mistake:       	White=2     	Black=1      Inaccurate:     	White=2     	---        OK:         	White=5     	Black=9      Best:        	---       	Black=5      Strong:       	---       	Black=1} 0-1

[Event "TePe Sigeman Co 2024"]
[Site "Malmo"]
[Date "2024.04.27"]
[Round "1.2"]
[White "Korobov, Anton"]
[Black "Abdusattorov, Nodirbek"]
[Result "1-0"]
[ECO "A22"]
[WhiteElo "2651"]
[BlackElo "2765"]
[Annotator "TA"]
[PlyCount "97"]
[EventDate "2024.04.27"]
[EventType "tourn"]
[EventCountry "SWE"]
[SourceTitle "playchess.com"]
[Source "ChessBase"]
[SourceQuality "1"]
[TimeControl "40/5400+30:1800+30"]

1. c4 e5 2. Nc3 Bb4 3. Qb3 a5 4. g3 Nf6 5. Bg2 O-O 6. Nf3 Nc6 7. O-O Re8 8. d3 {[%emt 0:04:50][%cal Bd2d3,Bd3e4][%mdl 32] The position is equal.} Nd4 9. Nxd4 exd4 10. Ne4 Nxe4 11. dxe4 Bc5 12. Qd3 Qe7 13. b3 d6 14. Bb2 f5 15. Bxd4 (15. exf5 Qxe2 16. Bd5+ Kf8 17. Qxe2 Rxe2 $19) 15... fxe4 16. Qc3 b6 17. Rad1 Bb7 18. e3 h5 19. Qb2 h4 20. Bc3 c6 21. a3 {[%emt 0:02:26] b4 is the strong threat.} d5 $1 22. b4 Bd6 23. cxd5 cxd5 24. Rd2 Rec8 25. Rfd1 axb4 26. Bxb4 Bxb4 27. axb4 Rc4 28. Rd4 Rac8 29. Rxc4 dxc4 30. Qd4 (30. Bh3 {simplifies} Rc7 31. Qd4 Qf6 32. Qxf6 gxf6 33. gxh4 Kg7 34. Bf5) 30... Qe6 {[%emt 0:06:27] Repels Bh3} 31. b5 c3 32. Rc1 (32. gxh4 Rc4 (32... c2 33. Rc1 $15) 33. Qd8+ Kh7 $17) 32... Qf6 33. Qd7 (33. Bxe4 $2 Qxd4 34. exd4 Bxe4 $19) 33... Qf7 34. Qd4 Rc5 (34... Qf6 $11) 35. Qd8+ $16 (35. Bxe4 $6 Bxe4 36. Qxe4 h3 $11) (35. gxh4 $6 Qd5 $11) 35... Qf8 36. Qxb6 Qe7 37. Qa5 (37. Bf1 $16) 37... Qd7 $11 {[%emt 0:02:06] Strongly threatening ...c2.} 38. Qa2+ (38. gxh4 c2 (38... Qd2 39. Qa3 $11) 39. Qa1 Kh8 $19) (38. Rxc3 $2 Qd2 39. Rxc5 (39. Ra3 Qd1+ 40. Bf1 Rc1) 39... Qxa5 $19) 38... Kh8 (38... Qd5 $1 $11 39. Qxd5+ Bxd5) 39. Bf1 $1 $16 (39. gxh4 $2 c2 40. Qb2 Qxb5 $19 (40... Rxb5 $2 41. Qxc2 Qf5 42. Qc7 $18) (40... Qd1+ 41. Bf1 $17)) 39... Rc8 {[%emt 0:01:24] [#] Black cannot hold the game after this.} (39... Qd2 $16 40. Qxd2 cxd2) 40. Qb3 $1 $18 (40. gxh4 c2 $11) 40... Qd2 {[%emt 0:02:38] [#]} 41. Rc2 Qe1 (41... Qd1 42. Rxc3 Qxb3 43. Rxb3 hxg3 44. hxg3 Kh7) 42. Qf7 {[%emt 0:00:00] White is clearly winning.} (42. gxh4 Qd1 43. Rxc3 Qg4+ 44. Bg2 Rxc3 45. Qxc3 Qd1+ 46. Bf1 Qg4+ 47. Kh1 Qf3+ 48. Kg1 Qg4+ 49. Bg2 (49. Kh1 Qf3+ 50. Kg1 Qg4+ $11) 49... Qd1+ 50. Bf1 Qg4+ $11) 42... Ba8 43. Qd7 (43. gxh4 Qd1 $11) 43... Rf8 44. Qc7 (44. gxh4 Qb1 45. Qg4 (45. Rxc3 $2 Qb2 $19) 45... Qb3 $16 (45... Qxc2 46. Qh5+ Kg8 47. Bc4+)) 44... Qd1 45. Qxc3 (45. Rxc3 Kg8 46. b6 (46. gxh4 Bb7 $18) 46... Bd5) 45... Rd8 46. Rc1 (46. gxh4 Qg4+ 47. Kh1 Qf3+ 48. Kg1 Qg4+ 49. Kh1 Qf3+ 50. Kg1 Qg4+ $11) 46... Qf3 47. Qb2 ({Not} 47. gxh4 Qg4+ 48. Kh1 (48. Bg2 Rd1+ 49. Rxd1 Qxd1+ 50. Bf1 Qg4+ 51. Kh1 Qf3+ 52. Kg1 Qg4+ 53. Bg2 Qd1+ 54. Bf1 Qg4+ $11) 48... Qf3+ 49. Kg1 Qg4+ 50. Kh1 (50. Bg2 Rd1+ 51. Rxd1 Qxd1+ 52. Bf1 Qg4+ 53. Kh1 Qf3+ 54. Kg1 Qg4+ 55. Bg2 Qd1+ 56. Bf1 Qg4+ $11) 50... Qf3+ 51. Kg1 $11) 47... Bd5 48. b6 Rf8 49. Rc7 {[%emt 0:00:00] Weighted Error Value: White=0.14 (very precise) /Black=0.27 (precise) .  Mistake:       	White=1     	Black=4      OK:         	White=18    	Black=17     Best:        	White=2     	---        Strong:       	White=2     	Black=1} 1-0

[Event "TePe Sigeman Co 2024"]
[Site "Malmo"]
[Date "2024.04.27"]
[Round "1.3"]
[White "Erigaisi Arjun"]
[Black "Ju, Wenjun"]
[Result "1-0"]
[ECO "D77"]
[WhiteElo "2756"]
[BlackElo "2559"]
[Annotator "TA"]
[PlyCount "59"]
[EventDate "2024.04.27"]
[EventType "tourn"]
[EventCountry "SWE"]
[SourceTitle "playchess.com"]
[Source "ChessBase"]
[SourceQuality "1"]
[TimeControl "40/5400+30:1800+30"]

1. Nf3 d5 2. g3 Nf6 3. Bg2 g6 4. d4 Bg7 5. c4 dxc4 6. O-O O-O 7. Na3 c5 8. Nxc4 Be6 9. Nfe5 Qc8 (9... Qxd4 10. Bxb7 Nbd7 11. Qxd4 cxd4 12. Bxa8 Rxa8 13. Rd1) 10. Bd2 Bd5 {[%emt 0:06:44] The position is equal.} 11. Rc1 Bxg2 12. Kxg2 cxd4 13. Nb6 $1 Qe6 14. Nxa8 {[%emt 0:00:08] [#] Threatens to win with f4.} Qxe5 15. Qb3 Qxe2 16. Bg5 b6 17. Nc7 {[%emt 0:15:40] Really sharp!} Nbd7 18. Rfe1 Qg4 19. Bxf6 (19. Qb5 {feels hotter.} Nc5 20. b4 a6 21. Qc4) 19... exf6 {[%emt 0:06:40] [#]} (19... Bxf6 $14 20. Qb5 Nc5) 20. h3 $1 $18 Qg5 21. Qb5 {[%emt 0:02:16] White is more active. Black is weak on the light squares} Rd8 22. Re8+ Rxe8 23. Qxg5 (23. Qxd7 Rf8 (23... Qxc1 24. Nxe8 Qc5 25. b4 $17) 24. Re1 f5 $17) 23... fxg5 24. Nxe8 Nc5 25. Nxg7 Kxg7 $16 {[%emt 0:00:04] KR-KN} 26. b4 Ne6 (26... Na4 $16 {might work better.}) 27. Rc8 $18 Kf6 28. Kf3 (28. Ra8 d3 29. Kf1 (29. Rxa7 Nd4 $11) 29... Nd4) 28... Ke5 29. Ra8 Kd5 30. Rxa7 {[%emt 0:00:07] Weighted Error Value: White=0.07 (flawless) /Black=0.34.  Loses game:     	---       	Black=1      Mistake:       	---       	Black=1      Inaccurate:     	White=1     	Black=2      OK:         	White=13    	Black=5      Best:        	---       	Black=1      Strong:       	White=2     	---} 1-0

[Event "TePe Sigeman Co 2024"]
[Site "Malmo"]
[Date "2024.04.27"]
[Round "1.4"]
[White "Svidler, Peter"]
[Black "Grandelius, Nils"]
[Result "1/2-1/2"]
[ECO "C55"]
[WhiteElo "2689"]
[BlackElo "2664"]
[Annotator "TA"]
[PlyCount "81"]
[EventDate "2024.04.27"]
[EventType "tourn"]
[EventCountry "SWE"]
[SourceTitle "playchess.com"]
[Source "ChessBase"]
[SourceQuality "1"]
[TimeControl "40/5400+30:1800+30"]

1. e4 e5 2. Nf3 Nc6 3. Bc4 Nf6 4. d3 h6 5. a4 Bc5 6. a5 {[%emt 0:04:11] C55: Two Knights: 4 d3, 4 d4 exd4 5 e5 and Max Lange Attack.} a6 7. c3 O-O 8. O-O Ba7 9. Re1 d6 10. h3 Kh8 11. Nbd2 Nh7 $146 ({Predecessor:} 11... Ng8 12. Nf1 f5 13. exf5 Bxf5 14. Ng3 Bd7 15. Be3 Bxe3 16. Rxe3 Nge7 17. Qb3 Rb8 {1-0 Husek,M (2182)-Benes,M (2107) Skalica op 2019 (3)}) 12. Bb3 Ng5 13. Nf1 Nxf3+ 14. Qxf3 f5 15. Be3 fxe4 16. Qxe4 Bf5 17. Qc4 Bh7 18. Bxa7 Rxa7 19. Ng3 Ra8 20. Bc2 Rf4 21. Qb3 (21. Qa2 $11) 21... Rb8 22. d4 Bg8 23. d5 b6 24. axb6 Rxb6 25. Qa2 Ne7 26. c4 c6 27. Be4 cxd5 28. cxd5 Qb8 $1 29. Re2 Qb7 30. Rd1 Rf8 31. Red2 Rb3 32. Nf1 Qb6 33. Kh2 Rb5 (33... Rxf2 $2 {loses.} 34. Rxf2 Re3 35. Bf3 $18 (35. Nxe3 Qxe3 36. Rf8 Qxe4 $18)) 34. f3 (34. Ne3 $5) 34... Rb8 35. Rc2 Ra5 ({Reject} 35... Rxb2 36. Rxb2 Qxb2 37. Qxa6 $14) 36. Qc4 Rc5 37. Qe2 Nxd5 38. Rxc5 Qxc5 39. Bxd5 Bxd5 40. Qd2 Bf7 (40... Rb5 $15) 41. Qxd6 1/2-1/2

[Event "TePe Sigeman Co 2024"]
[Site "Malmo"]
[Date "2024.04.28"]
[Round "2.1"]
[White "Maurizzi, Marc`Andria"]
[Black "Korobov, Anton"]
[Result "0-1"]
[ECO "E04"]
[WhiteElo "2605"]
[BlackElo "2651"]
[Annotator "TA"]
[PlyCount "138"]
[EventDate "2024.04.27"]
[EventType "tourn"]
[EventCountry "SWE"]
[SourceTitle "playchess.com"]
[Source "ChessBase"]
[SourceQuality "1"]
[TimeControl "40/5400+30:1800+30"]

1. d4 Nf6 2. c4 e6 3. g3 d5 4. Bg2 dxc4 5. Nf3 a6 6. O-O Nc6 7. a4 Rb8 8. a5 Bb4 9. Na3 Bxa5 10. Nxc4 Bb4 {[%emt 0:00:21] The position is equal.} 11. Nfe5 Nxe5 12. dxe5 (12. Nxe5 $5 O-O 13. Rxa6 $11) 12... Qxd1 13. Rxd1 {[%emt 0:00:07] [#]} Nd5 14. Ne3 (14. Bd2 Bxd2) 14... Nb6 15. Bd2 Bxd2 16. Rxd2 Ke7 17. Rc1 $1 c6 18. Rd3 Bd7 19. Rb3 Na4 20. Ra3 (20. Rb4 b5 21. b3 Nb6) 20... b5 (20... Nxb2 $2 21. Rb1 $18) 21. Ra2 (21. Bxc6 $2 Rhc8 (21... Nxb2 22. Bxd7 Kxd7 23. Rc2 $14) 22. b3 Nb6 (22... Rxc6 $2 23. Rxc6 Bxc6 24. bxa4 $19) (22... Bxc6 $2 23. bxa4 b4 24. Rb3 $19) 23. Rxa6 Bxc6 $19 (23... Rxc6 $2 24. Rxc6 Bxc6 25. Nc2 $19)) 21... Ra8 22. Nc2 (22. Bxc6 Rhc8 23. b3 Rxc6 $17) (22. Nc4 $11) 22... Ra7 $1 $15 23. Ne1 Rc8 (23... a5 $15) 24. b3 $11 Nb6 25. Nd3 ({Better is} 25. Rca1 $11) 25... a5 $15 26. Be4 a4 27. f4 a3 28. b4 (28. Rca1 $15) 28... Ra4 (28... Nd5 $17 {White should prevent ...Rca8.} 29. Bf3 f5) 29. Kf2 (29. Nc5 $1 $11 Rxb4 30. Rxa3) 29... Nc4 ({Black should play} 29... Rca8 $1 $17 30. Rb1 h5) 30. Rb1 (30. Nc5 $15 Rxb4 31. Bd3) 30... h6 31. Nc5 Ra7 $36 {[%emt 0:00:01][%mdl 2048] Black is pushing.} 32. Rb3 Rca8 $1 {[%emt 0:00:58] Black keeps a firm grip on the game.} 33. Ke1 f6 34. exf6+ gxf6 35. Bd3 Nb6 36. Bc2 (36. Bg6 $17 {was necessary.}) 36... Be8 $19 37. Re3 {[%emt 0:00:18] [#]} (37. Be4 $142) 37... Nd5 $1 38. Rxe6+ {[%emt 0:00:17] [#]} Kf8 $1 39. Bb3 Nxb4 40. Ra1 Bf7 41. Rxf6 Kg7 42. Rxf7+ Rxf7 43. Bxf7 (43. Kd2 Re7 44. e4) 43... Nc2+ (43... Kxf7 44. Kd2 $15) 44. Kd2 Nxa1 {[%emt 0:00:07][%mdl 4096] Endgame. KRN-KBN} 45. Ba2 b4 46. Kc1 {[%emt 0:00:00] [#]} b3 $1 47. Kb1 Nc2 ({But not} 47... bxa2+ 48. Kxa1 Rb8 (48... Ra5 $2 49. Ne6+ Kf6 50. Nd4 $19) 49. e4 $19) 48. Bxb3 Nb4 ({Resist} 48... Nd4 49. e4 $19) 49. e4 a2+ 50. Ka1 Ra5 51. Ne6+ (51. Nb7 Ra7 (51... Ra3 $2 52. Nc5 $19) 52. Nc5) 51... Kh8 52. f5 Re5 53. f6 {[%emt 0:00:00] f7 would kill now.} Rxe4 54. Bxa2 Re1+ 55. Kb2 Kg8 56. Bc4 {[%emt 0:00:00] Prevents Re2+.} Kf7 57. Kb3 Rb1+ 58. Kc3 Kxf6 59. Nf4 (59. Nd4 $142) 59... Ke5 60. Ng6+ Ke4 61. Ne7 c5 62. Bf7 {[%emt 0:00:00] Strongly threatening Bg6+.} Rc1+ 63. Kb3 Nd3 64. Bg6+ (64. Bg8 $142) 64... Ke3 {[%emt 0:00:00] ...c4+ is the strong threat.} 65. Nf5+ Kd2 {[%emt 0:00:00] And now ...c4+ would win.} 66. Nd6 Rb1+ 67. Ka2 Rb8 {[%emt 0:00:00] ( -> ...Kc2)} 68. Ka3 Kc3 69. Ka4 Nb2+ {[%emt 0:00:42] Weighted Error Value: White=0.38/Black=0.27 (precise) .  Mistake:       	White=11    	Black=3      Inaccurate:     	White=4     	Black=4      OK:         	White=19    	Black=25     Best:        	White=5     	Black=6      Strong:       	White=1     	Black=3} 0-1

[Event "TePe Sigeman Co 2024"]
[Site "Malmo"]
[Date "2024.04.28"]
[Round "2.2"]
[White "Ju, Wenjun"]
[Black "Svidler, Peter"]
[Result "0-1"]
[ECO "A41"]
[WhiteElo "2559"]
[BlackElo "2689"]
[Annotator "TA"]
[PlyCount "100"]
[EventDate "2024.04.27"]
[EventType "tourn"]
[EventCountry "SWE"]
[SourceTitle "playchess.com"]
[Source "ChessBase"]
[SourceQuality "1"]
[TimeControl "40/5400+30:1800+30"]

1. d4 d6 2. g3 g6 3. Bg2 Bg7 4. Nf3 Nd7 5. O-O e5 6. dxe5 dxe5 7. Nc3 Ngf6 8. Nd2 O-O 9. Nc4 Re8 {[%emt 0:02:41] The position is equal.} 10. a4 e4 11. a5 Qe7 $1 12. Be3 Nc5 13. Qd4 Na6 14. Qd1 (14. Bg5 $11) 14... Be6 $17 15. Nd2 Ng4 {[%emt 0:00:30] ...Nxe3 is the strong threat.} 16. Ndxe4 Nxe3 17. fxe3 Rad8 {[%emt 0:05:04] Prevents Nd5.} 18. Qc1 c6 {[%emt 0:07:50][%mdl 1024] Black has strong compensation.} 19. Ra3 Bf5 20. h3 h5 21. Kh1 Nc5 22. Nxc5 Qxc5 23. e4 Be6 24. Nd1 Qb5 25. Nc3 Qe5 26. Qe3 Bf8 27. Raa1 Bd6 28. Qf4 g5 (28... Qc5 $19 29. e5 Bxe5) 29. Qxe5 Bxe5 30. Rf3 g4 31. hxg4 hxg4 32. Rd3 {[%emt 0:00:41] [#]} Bc4 $1 33. Rxd8 Rxd8 34. Bf1 Rd2 $36 {[%emt 0:01:37][%mdl 2048] White is under strong pressure.} 35. Rc1 Bxg3 36. Nb1 Rd8 {[%emt 0:00:54] Black has more active pieces.} 37. e3 {[%emt 0:00:03] Against Bf4} Be6 38. Kg2 {[%emt 0:02:06] Wards off Bf2} Be5 39. c3 Kg7 40. Be2 Bc7 41. a6 bxa6 42. Bxa6 Rh8 43. Rh1 {[%emt 0:00:13] Prevents Rh2+.} Rb8 44. b4 c5 45. b5 (45. Rc1 {was called for.}) 45... Kg6 $19 46. Kf2 Be5 47. Ke2 Bc4+ {[%emt 0:01:44] Black is clearly winning.} 48. Kd1 Bd3 {[%emt 0:02:57] This pair of bishops is nice.} 49. Nd2 Bxc3 {[%emt 0:00:34][%cal Ob8d8] Threatens to win with ...Rd8!} 50. Rg1 Kh5 {[%emt 0:00:13] Weighted Error Value: White=0.21 (precise) /Black=0.05 (flawless) .  Mistake:       	White=2     	Black=1      Inaccurate:     	White=4     	---        OK:         	White=16    	Black=27     Best:        	White=1     	Black=1      Strong:       	---       	Black=1} (50... Bxb5 51. Bxb5 Rxb5 52. Rxg4+ Kf6 53. Rf4+ Ke6 54. Nf3 $17) 0-1

[Event "TePe Sigeman Co 2024"]
[Site "Malmo"]
[Date "2024.04.28"]
[Round "2.3"]
[White "Abdusattorov, Nodirbek"]
[Black "Erigaisi Arjun"]
[Result "1/2-1/2"]
[ECO "D12"]
[WhiteElo "2765"]
[BlackElo "2756"]
[Annotator "TA"]
[PlyCount "70"]
[EventDate "2024.04.27"]
[EventType "tourn"]
[EventCountry "SWE"]
[SourceTitle "playchess.com"]
[Source "ChessBase"]
[SourceQuality "1"]
[TimeControl "40/5400+30:1800+30"]

1. c4 c6 2. Nf3 d5 3. d4 Nf6 4. e3 Bf5 5. Nc3 e6 6. Nh4 Bg6 7. Bd2 Nbd7 8. cxd5 {[%emt 0:00:14] [#] And now Nxg6 would win.} exd5 9. Nxg6 hxg6 10. h4 Bb4 11. Bd3 Qe7 12. a3 Bxc3 13. Bxc3 Ne4 14. Bb4 Qe6 15. a4 g5 16. h5 g4 17. Qc2 g3 18. Bxe4 gxf2+ 19. Qxf2 dxe4 20. O-O-O Nb6 21. Rdf1 Nd5 22. Bd2 (22. Bc5 {is interesting.} f6 23. Qg3 Rg8 24. Qh3) 22... f6 23. a5 (23. g4 $11) 23... O-O-O $15 24. a6 bxa6 ({Better is} 24... c5 $17 {Strongly threatening ...cxd4.} 25. axb7+ Kxb7 26. dxc5 Qa6) 25. Kb1 Nb6 (25... Kb7 $15) 26. h6 $11 Rd7 27. Ba5 (27. hxg7 $11 Rxh1 28. Rxh1 Rxg7 29. Rh8+ Kb7 30. Qf4) 27... Kb7 (27... gxh6 $6 28. Qxf6 Qxf6 29. Rxf6 $11) (27... Rxh6 28. Rxh6 gxh6 29. Qxf6 Qxf6 30. Rxf6 $16) (27... Nd5 $1 $15) 28. hxg7 {[%emt 0:04:49] The position is equal.} Rxh1 29. Rxh1 Rxg7 30. Rh8 Qb3 {[%emt 0:01:41] [#] ...Qd1+ would now be deadly.} 31. Qf4 (31. Qxf6 $2 {loses.} Rf7 $19 (31... Rxg2 32. Qe7+) (31... Rxg2 32. Qe7+)) 31... Qd1+ 32. Ka2 Qa4+ 33. Kb1 {[%emt 0:00:04][%csl Gh8][%cal Rf4b8] The board is on fire.} Qd1+ 34. Ka2 Qa4+ 35. Kb1 Qd1+ {[%emt 0:00:06] Weighted Error Value: White=0.15 (very precise) /Black=0.10 (very precise) .  Mistake:       	White=2     	Black=3      Inaccurate:     	White=3     	---        OK:         	White=5     	Black=10     Best:        	White=2     	Black=1} 1/2-1/2

[Event "TePe Sigeman Co 2024"]
[Site "Malmo"]
[Date "2024.04.28"]
[Round "2.4"]
[White "Keymer, Vincent"]
[Black "Grandelius, Nils"]
[Result "1-0"]
[ECO "D45"]
[WhiteElo "2726"]
[BlackElo "2664"]
[Annotator "TA"]
[PlyCount "73"]
[EventDate "2024.04.27"]
[EventType "tourn"]
[EventCountry "SWE"]
[SourceTitle "playchess.com"]
[Source "ChessBase"]
[SourceQuality "1"]
[TimeControl "40/5400+30:1800+30"]

1. d4 d5 2. c4 c6 3. Nf3 Nf6 4. Nc3 e6 5. e3 a6 6. h3 {[%emt 0:00:04] D45: Semi-Slav: 5 e3.} Nbd7 7. Qc2 b6 $146 ({Predecessor:} 7... dxc4 8. a4 b5 9. axb5 cxb5 10. Nxb5 Bb7 11. Nc3 Rc8 12. Be2 Bb4 13. O-O O-O {1-0 Keymer,V (2693)-Kempinski,R (2549) POL-chT Ekstraliga 2022 (1.1)}) 8. b3 Bb7 9. Bb2 dxc4 10. bxc4 Bb4 11. a3 Ba5 12. e4 c5 13. d5 exd5 14. exd5 O-O (14... Bxc3+ $6 15. Bxc3 (15. Qxc3 O-O $11) 15... b5 16. Be2 $16 (16. cxb5 O-O $11)) 15. Be2 b5 16. O-O bxc4 17. Bxc4 Nb6 18. Ba2 c4 19. Rad1 Re8 (19... Nfxd5 {looks sharper.} 20. Na4 Rc8 21. Nxb6 Qxb6 22. Bxc4 Bc3) 20. Rd4 h6 21. Rfd1 Rc8 22. Bb1 (22. Nh4 $5) 22... Qe7 (22... Nfxd5 $2 23. Qh7+ Kf8 24. Nxd5 Nxd5 25. Rxd5 Qxd5 26. Qxg7+ (26. Rxd5 Bxd5 27. Qxg7+ Ke7 $18) 26... Ke7 27. Qf6+ (27. Rxd5 Bxd5 28. Qf6+ Kf8 $18) 27... Kd7 28. Bf5+ (28. Rxd5+ Bxd5 29. Bf5+ Kc7 $18) (28. Qxf7+ Kd6 $18) 28... Kc7 29. Rxd5 $18) (22... Nbxd5 $2 23. Nxd5 g6 (23... Bxd5 $2 24. Rxd5 Qb6 25. Bxf6 $18) 24. Ne3 $18) (22... Bxc3 $11 23. Bxc3 Nbxd5 (23... Bxd5 $2 24. Rg4 $18)) 23. d6 $18 Qd7 24. Rf4 $1 Bxc3 25. Bxc3 (25. Qxc3 Na4 $11 (25... Nbd5 26. Rxd5 Bxd5 27. Rxf6 $11) (25... Nbd5 26. Rxd5 Bxd5 27. Rxf6 $11)) 25... Be4 {[%emt 0:03:13] [#]} (25... Nbd5 $2 26. Rxd5 Bxd5 27. Bxf6 $18) 26. Qc1 $1 Nbd5 {[%emt 0:14:06] [#]} 27. Rxd5 $1 Nxd5 28. Bxe4 (28. Rxe4 $6 Rxe4 29. Bxe4 Nxc3 30. Qxc3 Qxd6 $16) 28... Nxc3 29. Qxc3 Qxd6 30. g3 Qd1+ (30... Rc7 $142 31. h4 Rc5) 31. Kg2 Qb3 (31... Qd6 {was necessary.} 32. Bb1 Rc7) 32. Qd4 $18 Qxa3 33. Bd5 Rc7 (33... Qd3 $142 34. Bxf7+ (34. Bxc4 Qxd4 35. Bxf7+ Kh7 $18) 34... Kh7 35. Bxe8 (35. Bxc4 Qxd4 36. Rxd4 a5 $18) 35... Qxd4 36. Rxd4 Rxe8 37. Rxc4 Rd8) 34. Ne5 $18 Rf8 35. Bxc4 (35. Ng4 $142 {[%cal Og4h6] Intending Nxh6+! and mate.} h5 36. Nf6+ (36. Ne3 Qe7 $18) 36... gxf6 37. Qxf6 (37. Bxc4 Qc5 $17)) 35... Qc5 $18 36. Qxc5 ({Less strong is} 36. Bxa6 Qxd4 37. Rxd4 g6 $16) 36... Rxc5 37. Nd7 ({Weaker is} 37. Nxf7 Rxc4 38. Nxh6+ (38. Rxc4 Rxf7 39. h4 a5 $11) 38... gxh6 $16) 1-0

[Event "TePe Sigeman Co 2024"]
[Site "Malmo"]
[Date "2024.04.29"]
[Round "3.1"]
[White "Svidler, Peter"]
[Black "Abdusattorov, Nodirbek"]
[Result "1/2-1/2"]
[ECO "A20"]
[WhiteElo "2689"]
[BlackElo "2765"]
[Annotator "TA"]
[PlyCount "81"]
[EventDate "2024.04.27"]
[EventType "tourn"]
[EventCountry "SWE"]
[SourceTitle "playchess.com"]
[Source "ChessBase"]
[SourceQuality "1"]
[TimeControl "40/5400+30:1800+30"]

1. c4 e5 2. g3 c6 3. d4 exd4 4. Qxd4 Na6 5. Nf3 Nf6 6. Bg2 Bc5 7. Qe5+ Be7 8. Nc3 {[%emt 0:02:13] White has an edge.} O-O 9. O-O Re8 10. Qf4 Bb4 11. Rd1 Nc5 12. Bd2 Nce4 13. Rac1 ({Wrong is} 13. Nxe4 $2 Rxe4 14. Bxb4 Rxf4 15. gxf4 Qe8 $19) (13. Nd4 $11 Nxd2 14. Qxd2) 13... d6 (13... d5 {keeps more tension.} 14. Nxd5 Nh5 15. Qc7 Bxd2 16. Nxd2 Nxd2 17. Rxd2 cxd5 18. Qxd8 Rxd8 19. Rxd5 Bg4) 14. Nd4 Nxd2 15. Rxd2 Ba5 16. Nf5 Bxf5 17. Qxf5 Re5 18. Qxe5 ({White should play} 18. Qc2 $14) 18... dxe5 $11 19. Rxd8+ Rxd8 20. Ne4 Nxe4 21. Bxe4 {[%emt 0:00:17][%mdl 4096] Endgame. KRB-KRB} Rd2 22. Rc2 {[%emt 0:00:12] The position is equal.} Rd4 23. Bf5 c5 24. e3 Rd1+ 25. Kg2 h5 26. Be4 b6 27. f4 exf4 28. exf4 g6 29. Bd5 Kf8 30. Kh3 Rd4 31. Re2 b5 32. b3 Bc3 33. Re3 Ba5 34. Bc6 bxc4 35. Re8+ Kg7 36. bxc4 Rxc4 37. Re7 Bb6 {[%emt 0:03:58] [#]} 38. Rxf7+ $1 Kxf7 39. Bd5+ Kf6 40. Bxc4 g5 41. fxg5+ {[%emt 0:30:09] Weighted Error Value: White=0.07 (flawless) /Black=0.05 (flawless) .  Mistake:       	White=2     	---        Inaccurate:     	---       	Black=1      OK:         	White=13    	Black=15     Best:        	White=3     	Black=2} 1/2-1/2